 Dungeon Crawl Stone Soup version 0.29.1-1-gd02db6906a (webtiles) character file.

Game seed: 10296430734169615508

44 Ashen the Chiller (level 3, 25/25 HPs)
             Began as a Demonspawn Ice Elementalist on Sept 17, 2022.
             Got out of the dungeon alive.
             The game lasted 00:02:25 (1850 turns).

Ashen the Chiller (Demonspawn Ice Elementalist)     Turns: 1850, Time: 00:02:25

Health: 25/25      AC:  3    Str:  8    XL:     3   Next: 39%
Magic:  6/6        EV: 12    Int: 18    God:
Gold:   71         SH:  0    Dex: 13    Spells: 2/6 levels left

rFire   . . .      SeeInvis .   g - +0 short sword (freeze)
rCold   + . .      Faith    .   (no shield)
rNeg    . . .      Spirit   .   a - +0 robe
rPois   .          Reflect  .   (no helmet)
rElec   .          Harm     .   (no cloak)
rCorr   .          Rampage  .   (no gloves)
Will    .....                   (no boots)
Stlth   ++........              (no amulet)
HPRegen 0.08/turn               i - ring of protection from cold
MPRegen 0.20/turn               (no ring)

@: no status effects
A: rugged brown scales 1, magic regeneration
a: no special abilities


You escaped.
You visited 1 branch of the dungeon, and saw 2 of its levels.

You collected 71 gold pieces.

Inventory:

Hand Weapons
 g - a +0 short sword of freezing (weapon)
Armour
 a - a +0 robe (worn)
Jewellery
 i - a ring of protection from cold (left hand)
Scrolls
 c - a scroll of amnesia {unknown}
 e - 3 scrolls of identify {unknown}
 f - a scroll of blinking {unknown}
 h - a scroll of teleportation {unknown}
Potions
 b - 3 potions of magic
 d - a potion of berserk rage {unknown}


   Skills:
 + Level 0.8 Fighting
 + Level 2.2 Dodging
 + Level 2.3 Stealth
 + Level 2.3 Spellcasting
 + Level 3.9 Ice Magic


You had 2 spell levels left.
You knew the following spells:

 Your Spells              Type           Power      Damage    Failure   Level
a - Freeze                Ice            64%        1d8       3%          1
b - Frozen Ramparts       Ice            32%        1d5       11%         3

Your spell library contained the following spells:

 Spells                   Type           Power      Damage    Failure   Level
 Ozocubu's Armour         Ice            16%        N/A       11%         3
 Tukima's Dance           Hex            2%         N/A       45%         3
 Hailstorm                Conj/Ice       9%         3d4       61%         4
 Passage of Golubria      Tloc           2%         N/A       86%         4
 Yara's Violent Unravell  Hex/Tmut       1%         3d3       99%         5


Dungeon Overview and Level Annotations

Branches:
Dungeon (2/15)

Altars:


Innate Abilities, Weirdness & Mutations

You are partially covered in rugged brown scales. (AC +1, +3% HP)
You regenerate magic rapidly.


Message History

You freeze the adder.
The adder is severely wounded.
The adder bites you but does no damage.
Casting: Freeze (safe; 3% risk of failure)
Confirm with . or Enter, or press ? or * to list all spells.
Aiming: Freeze (safe; 3% risk of failure)
Press: ? - help, Shift-Dir - straight line, f/p - adder
Aim: an adder (severely wounded)
You freeze the adder.
The adder is severely wounded.
The adder barely misses you. The adder closely misses you.
Casting: Freeze (safe; 3% risk of failure)
Confirm with . or Enter, or press ? or * to list all spells.
Aiming: Freeze (safe; 3% risk of failure)
Press: ? - help, Shift-Dir - straight line, f/p - adder
Aim: an adder (severely wounded)
You miscast Freeze.
You are very lightly contaminated with residual magic.
Nothing appears to happen.
The adder bites you but does no damage.
Casting: Freeze (safe; 3% risk of failure)
Confirm with . or Enter, or press ? or * to list all spells.
Aiming: Freeze (safe; 3% risk of failure)
Press: ? - help, Shift-Dir - straight line, f/p - adder
Aim: an adder (severely wounded)
You freeze the adder.
You kill the adder!
Unknown command.
There is a stone staircase leading up here.
You climb upwards.
Your magical contamination has completely faded away.
There is a stone staircase leading down here.
(D) Dungeon
Where to? (Enter - D:2 @ (x,y), ? - help)
What level of the Dungeon? (default 1, ? - help) You're already here!
Magic restored.
There is an open door here.
There is a staircase leading out of the dungeon here.
Are you sure you want to leave the Dungeon?
This will make you lose the game!
You have escaped!

#.# #.########.#....###) ###.#
#..##......#.##.....
#...########.....#####.##.....
#.##...................##.####
#..##.................##..# ##
#...##..8..##+##..8..##...# #.
#....##...##...##...##....# #.
#.....#####.....#####.....# #.
#............@.....|......# #.
##.......................## #.
############'###############.
#..##....#.#.##...##..
#.#####.##...####.##.# ##.#
#.##..#####..... #..#
#.....##........
#########.######.....#..##..###
#..........................##


There were no monsters in sight!

Vanquished Creatures
  An adder (D:2)
  A worm (D:2)
  5 endoplasms
  2 giant cockroaches
  A goblin (D:1)
  A hobgoblin (D:1)
  3 jackals (D:1)
  2 quokkas
  5 ball pythons
  A bat (D:1)
  2 frilled lizards
  3 kobolds
  3 rats
30 creatures vanquished.

Notes
Turn   | Place    | Note
-------+----------+-------------------------------------------
     0 | D:1      | Ashen the Demonspawn Ice Elementalist began the quest for
                  | the Orb.
     0 | D:1      | Reached XP level 1. HP: 13/13 MP: 3/3
   485 | D:1      | Gained mutation: You are partially covered in rugged brown
                  | scales. (AC +1, +3% HP) [demonic ancestry]
   485 | D:1      | Reached XP level 2. HP: 13/19 MP: 1/5
   718 | D:1      | Found a faded altar of an unknown god.
  1318 | D:2      | Gained mutation: You regenerate magic rapidly. [demonic
                  | ancestry]
  1318 | D:2      | Reached XP level 3. HP: 16/25 MP: 6/6
  1322 | D:2      | Learned a level 3 spell: Frozen Ramparts
  1850 | D:$      | Got out of the dungeon alive.

Illustrated notes

Levels and vault maps discovered:
D:1:      giann_horns, layout_rooms, hellmonk_ecumenical_altar_leap_of_faith
D:2:      layout_basic, minmay_tromino_v4_c

Skill      XL: |  1 |
---------------+----+-----
Stealth        | 2 |  2.3
Dodging        | 2 |  2.2
Fighting       | |  0.8
Spellcasting   | |  2.3
Ice Magic      | |  3.9

Action                   || total
-------------------------++-------
Melee: Unarmed           ||    17
       Short sword       ||    36
 Cast: Freeze            ||    28
 Stab: Sleeping          ||     6
Armor: Robe              ||     9
Dodge: Dodged            ||    36
